 Dungeon Crawl Stone Soup version 0.18.1-8-gdd0e5ea (webtiles) character file.

497 oplop the Sneak (level 7, -2/36 HPs)
             Began as a Vine Stalker Assassin on May 24, 2016.
             Slain by an orc warrior
             ... wielding a +2 glaive of venom
              (10 damage)
             ... on level 4 of the Dungeon.
             The game lasted 00:04:06 (2317 turns).

oplop the Sneak (Vine Stalker Assassin)             Turns: 2317, Time: 00:04:07

Health: -2/36      AC:  3    Str: 13    XL:     7   Next: 15%
Magic:  0/8        EV: 13    Int: 11    God:
Gold:   172        SH:  0    Dex: 18    Spells: 0 memorised, 6 levels left

rFire  . . .     SeeInvis .     a - +1 short sword (speed)
rCold  . . .     Gourm    .     c - +0 robe
rNeg   . . .     Faith    .     (no shield)
rPois  .         Spirit   +     (no helmet)
rElec  .         Dismiss  .     d - +0 cloak
rCorr  .         Reflect  .     (no gloves)
SustAt .         Harm     .     (no boots)
MR     .....                    (no amulet)
Stlth  +++.......               (no ring)
                                (no ring)

@: lethally poisoned (-2 -> -2), not resistant to hostile enchantments, fairly
stealthy
A: fangs 2, regeneration 2, magic shield, antimagic bite, no device heal 3, rot
immunity
a: no special abilities


You were on level 4 of the Dungeon.
You were hungry.

You visited 1 branch of the dungeon, and saw 5 of its levels.

You collected 172 gold pieces.

Inventory:

Hand Weapons
 a - a +1 short sword of speed (weapon)
 b - a +0 blowgun
 o - a +2 dagger
Missiles
 e - 26 poisoned needles
 f - 2 curare-tipped needles
Armour
 c - a +0 robe (worn)
 d - a +0 cloak (worn)
Wands
 A - a wand of flame (17/48)
Scrolls
 j - 2 scrolls of identify {unknown}
 m - 2 scrolls of amnesia {unknown}
 r - 2 scrolls of fog {unknown}
 v - 2 scrolls of teleportation {unknown}
 w - 2 scrolls of recharging {unknown}
 x - 2 scrolls of immolation {unknown}
 y - a scroll of enchant armour {unknown}
 C - 2 scrolls of remove curse {unknown}
Potions
 h - 2 potions of haste {unknown}
 k - 4 potions of curing {unknown}
 l - a potion of lignification {unknown}
 n - 2 potions of degeneration {unknown}
 q - a potion of flight {unknown}
 s - a potion of agility {unknown}
 t - a potion of resistance {unknown}
 u - 2 potions of mutation {unknown}
 B - a potion of heal wounds {unknown}
Comestibles
 g - 2 bread rations
 i - 3 fruits
 p - a meat ration
 z - 9 chunks of flesh


   Skills:
 + Level 3.3 Fighting
 + Level 3.3 Short Blades
 + Level 3.6 Throwing
 + Level 2.6 Dodging
 + Level 6.2 Stealth


You had 6 spell levels left.
You didn't know any spells.

Dungeon Overview and Level Annotations

Branches:
Dungeon (5/15)
 Temple: D:4-7

Altars:
Cheibriados
Ru
Trog
Xom


Innate Abilities, Weirdness & Mutations

You have extremely sharp teeth.
You heal very quickly.
When hurt, damage is shared between your health and your magic reserves.
Your bite disrupts and absorbs the magic of your enemies.
Potions and wands cannot restore your health.
You are immune to rotting.


Message History

You see here a flail.
The orc warrior hits you from afar with a glaive of venom!
You are poisoned.
You feel sick.
You feel sick.
You feel sick.
You feel sick.
You feel sick.
You feel sick.
You feel sick.
You feel sick.
You feel sick.
The giant cockroach waves its antennae.
The orc warrior closely misses you.
You feel sick.
You hit the giant cockroach but do no damage.
You bite the giant cockroach. You drain its power.
You feel invigorated.
You kill the giant cockroach!
The orc warrior hits you from afar with a glaive of venom!!
You die...

##..
#.#.#.....#####.....#
#.#.##..............#
#..................>##
#######................
#............>......)..
#......................
#......#o######........
##.(......# ######..l
#......@.## #...
#........########## #...
#.................###...
#.......######.l..)....#
#.......+ #.##.###...
#.......# #.##.# #...
#.......# #.##.# #...
#.......# #?##.###...
######### #.##.....#.


You could see an orc warrior.

Vanquished Creatures
  An ogre (D:5)
  2 scorpions (D:4)
  2 orc priests (D:4)
  A hound (D:5)
  An orc wizard (D:4)
  A worker ant (D:4)
  11 adders
  2 worms
  4 orcs (D:3)
  6 bats
  4 giant cockroaches
  9 hobgoblins
  4 jackals (D:2)
  2 quokkas (D:3)
  A ball python (D:4)
  5 giant newts
  6 goblins
  5 kobolds
  2 rats
69 creatures vanquished.

Notes
Turn   | Place    | Note
--------------------------------------------------------------
     0 | D:1      | oplop the Vine Stalker Assassin began the quest for the Orb.
     0 | D:1      | Reached XP level 1. HP: 11/11 MP: 2/2
   603 | D:2      | Reached skill level 1 in Dodging
   603 | D:2      | Reached XP level 2. HP: 8/15 MP: 3/3
   650 | D:2      | Reached skill level 5 in Stealth
   750 | D:2      | Reached XP level 3. HP: 9/18 MP: 4/4
   899 | D:2      | Reached XP level 4. HP: 10/23 MP: 2/5
  1533 | D:3      | Found a sacrificial altar of Ru.
  1533 | D:3      | Found a snail-covered altar of Cheibriados.
  1533 | D:3      | Found a shimmering altar of Xom.
  1623 | D:3      | Reached XP level 5. HP: 27/27 MP: 6/6
  1723 | D:3      | Found a faded altar to an unknown god.
  2058 | D:4      | Gained mutation: You heal very quickly. [Vine Stalker growth]
  2058 | D:4      | Reached XP level 6. HP: 12/32 MP: 5/7
  2099 | D:5      | Entered Level 5 of the Dungeon
  2101 | D:5      | Reached skill level 6 in Stealth
  2180 | D:4      | Reached XP level 7. HP: 22/36 MP: 4/8
  2193 | D:4      | Found a bloodstained altar of Trog.
  2317 | D:4      | Slain by an orc warrior

Skill      XL: |  1  2  3  4  5  6 |
---------------+-------------------+-----
Short Blades   | 2 3 |  3.3
Throwing       | 2 3 |  3.6
Dodging        | 1 2 |  2.6
Stealth        | 5 6 |  6.2
Fighting       | 2 3 |  3.3

Action                   |  1- 3 |  4- 6 |  7- 9 || total
-------------------------+-------+-------+-------++-------
Melee: Dagger            |    80 |    66 |       ||   146
       Bite              |    16 |    57 |     3 ||    76
       Short sword       |       |   121 |    12 ||   133
 Fire: Blowgun           |       |     3 |     3 ||     6
 Stab: Sleeping          |     5 |    10 |       ||    15
  Eat: Chunk             |       |     4 |       ||     4
Armor: Robe              |    30 |    18 |       ||    48
Dodge: Dodged            |    67 |    79 |     3 ||   149
